[Event "Titled Tuesday Blitz May 9 Early 2023"]
[White "Weishaeutel, Moritz"]
[Black "Chernomordik, Pavel"]
[WhiteFideId "12967300"]
[BlackFideId "2804530"]
[WhiteElo "2301"]
[BlackElo "2193"]
[Result "1-0"]
[Round "09"]
[TimeControl "180+2"]
[Date "2023.05.09"]
[WhiteClock "0:00:42"]
[BlackClock "0:00:00"]

1. e4 g6 2. h4 d5 3. exd5 Nf6 4. d4 Qxd5 5. Nc3 Qd6 6. Bg5 Bg7 7. Qd2 a6 8. O-O-O h6 9. Bf4 Qd8 10. Bc4 b5 11. Bb3 Bb7 12. Nf3 Nbd7 13. Rhe1 b4 14. Na4 Nd5 15. Bxd5 Bxd5 16. Qxb4 e6 17. Nc3 Bxf3 18. gxf3 Rb8 19. Qa3 Qxh4 20. Nd5 Bf8 21. Qa4 Bd6 22. Re4 Qxf2 23. Bxd6 cxd6 24. Nf6+ Kf8 25. Nxd7+ Kg7 26. Nxb8 Rxb8 27. Qa3 d5 28. Ree1 Qg3 29. Qe3 Kg8 30. Qxh6 1-0


[Site "https://www.chess.com"]

[Event "Titled Tuesday Blitz May 9 Early 2023"]
[White "Shvedova, Alexandra"]
[Black "Piesik, Piotr"]
[WhiteFideId "54154782"]
[BlackFideId "1136194"]
[WhiteElo "1973"]
[BlackElo "2299"]
[Result "0-1"]
[Round "09"]
[TimeControl "180+2"]
[Date "2023.05.09"]
[WhiteClock "0:00:46"]
[BlackClock "0:01:08"]

1. d4 c5 2. dxc5 e6 3. Nf3 Bxc5 4. e4 Nc6 5. Nc3 d6 6. Be2 Nf6 7. O-O a6 8. h3 b5 9. a3 Bb7 10. Bf4 e5 11. Bg5 Ne7 12. Qd3 h6 13. Bxf6 gxf6 14. Rad1 Ng6 15. g3 Qd7 16. Nd5 Bxd5 17. Qxd5 Qxh3 18. Qxa8+ Ke7 19. Qb7+ Kf8 20. Nd4 Bxd4 21. Rxd4 exd4 22. Qb8+ Kg7 23. Qxd6 h5 24. Qxd4 h4 25. g4 Nf4 0-1


[Site "https://www.chess.com"]

[Event "Titled Tuesday Blitz May 9 Early 2023"]
[White "Kleiman, Jake"]
[Black "Degenbaev, Aziz"]
[WhiteFideId "2020041"]
[BlackFideId "13802640"]
[WhiteElo "2596"]
[BlackElo "2152"]
[Result "0-1"]
[Round "09"]
[TimeControl "180+2"]
[Date "2023.05.09"]
[WhiteClock "0:00:15"]
[BlackClock "0:00:07"]

1. e4 c5 2. c3 Nf6 3. e5 Nd5 4. Bc4 Nb6 5. Bb3 d5 6. exd6 Qxd6 7. Nf3 Nc6 8. O-O Be6 9. Bxe6 Qxe6 10. a4 a6 11. a5 Nd7 12. d4 cxd4 13. Nxd4 Nxd4 14. Qxd4 Qf6 15. Qd5 Qc6 16. Qh5 Nf6 17. Qh4 e6 18. Bg5 Be7 19. Nd2 h6 20. Bxf6 Bxf6 21. Qa4 Qxa4 22. Rxa4 O-O-O 23. Nc4 Kb8 24. Re1 Rd5 25. Kf1 Rhd8 26. g3 h5 27. h4 Rc5 28. Ke2 Rdd5 29. Rea1 g5 30. Ne3 Rd7 31. hxg5 Bxg5 32. f4 Bf6 33. Rh1 Rd8 34. Rh2 Rg8 35. Kf3 Bd8 36. Nc4 Rh8 37. Ne5 Rxa5 38. Rxa5 Bxa5 39. Nxf7 Rf8 40. Ne5 Rf5 41. Rd2 Bc7 42. Ng6 Rf6 43. Nh4 e5 44. f5 e4+ 45. Kxe4 Bxg3 46. Ng6 h4 47. Rd8+ Kc7 48. Rh8 Rb6 49. b4 Rc6 50. Rh7+ Kb8 51. Kd3 Rf6 52. Rh5 Be1 53. Kd4 h3 54. c4 h2 55. Ke4 Bxb4 56. Rxh2 a5 57. Rh8+ Ka7 58. Ke5 Bc3+ 59. Ke4 a4 60. Rh3 Bb2 61. Ne5 a3 62. Rh2 a2 63. Rh1 a1=Q 64. Rxa1+ Bxa1 65. Nd7 Rf7 66. Nc5 Kb6 67. Nd3 Re7+ 68. Kd5 Rd7+ 69. Ke4 Rd4+ 70. Ke3 Rxc4 71. Nf4 Rc6 72. Ke4 Kc5 73. Nd5 b5 74. Ne7 Rc7 75. Nd5 Rf7 76. Nf4 b4 77. Nd3+ Kc4 78. Ne5+ Bxe5 79. Kxe5 b3 0-1


[Site "https://www.chess.com"]

[Event "Titled Tuesday Blitz May 9 Early 2023"]
[White "Hossain, Enamul"]
[Black "Ismagilov, Damir"]
[WhiteFideId "10200649"]
[BlackFideId "34199982"]
[WhiteElo "2433"]
[BlackElo "2143"]
[Result "1-0"]
[Round "09"]
[TimeControl "180+2"]
[Date "2023.05.09"]
[WhiteClock "0:00:36"]
[BlackClock "0:00:00"]

1. e4 e5 2. Nf3 Nc6 3. Bb5 a6 4. Ba4 Nf6 5. O-O Be7 6. Re1 b5 7. Bb3 O-O 8. h3 Bb7 9. d3 d5 10. exd5 Nxd5 11. Nxe5 Nxe5 12. Rxe5 Qd6 13. Re1 Rfe8 14. Nc3 Nxc3 15. bxc3 Qg6 16. Qg4 Qxg4 17. hxg4 Bd6 18. Bd2 c5 19. a4 Kf8 20. axb5 axb5 21. Kf1 h6 22. Rxe8+ Kxe8 23. Rxa8+ Bxa8 24. c4 bxc4 25. Bxc4 Ke7 26. f3 Bc6 27. Bc3 f6 28. Ke2 Bf4 29. Bd2 Be5 30. c3 Be8 31. Bd5 Bb5 32. c4 Ba4 33. Be3 Kd6 34. f4 Bc3 35. g5 hxg5 36. fxg5 fxg5 37. Bxg5 Be8 38. Kf3 Bg6 39. Be4 Bh5+ 40. g4 Bf7 41. Bf4+ Be5 42. Be3 Be6 43. Bf5 Bf7 44. Ke4 Bf6 45. Bf4+ Kc6 46. Ke3 Bd4+ 47. Kf3 Kb6 48. Ke4 Kc6 49. Be5 Bxe5 50. Kxe5 Be8 51. Be4+ Kb6 52. Kd6 Ba4 53. g5 Bd1 54. g6 Bh5 55. Ke7 Ka5 56. Kf7 1-0


[Site "https://www.chess.com"]

[Event "Titled Tuesday Blitz May 9 Early 2023"]
[White "Sharapov, Evgeny"]
[Black "Rom, Jasper"]
[WhiteFideId "14103133"]
[BlackFideId "2023733"]
[WhiteElo "2367"]
[BlackElo "2233"]
[Result "1/2-1/2"]
[Round "09"]
[TimeControl "180+2"]
[Date "2023.05.09"]
[WhiteClock "0:00:53"]
[BlackClock "0:00:23"]

1. e4 e6 2. d4 d5 3. Nc3 Nf6 4. e5 Nfd7 5. f4 c5 6. Nf3 Nc6 7. Be3 Be7 8. Qd2 O-O 9. Be2 a6 10. Nd1 cxd4 11. Nxd4 Nc5 12. Nf2 Qc7 13. O-O b5 14. c3 Bb7 15. Rad1 Ne4 16. Nxe4 dxe4 17. Qc2 Nxd4 18. Bxd4 Bc5 19. Kh1 Rad8 20. Bxc5 Qxc5 21. Rxd8 Rxd8 22. Rd1 Rxd1+ 23. Qxd1 Qd5 24. Qxd5 Bxd5 25. b3 f6 26. Kg1 Kf7 27. g3 Kg6 28. exf6 gxf6 29. Kf2 Kf5 30. Ke3 e5 31. g4+ Ke6 32. f5+ Kd6 33. Bd1 a5 34. Bc2 a4 35. bxa4 bxa4 36. Bxa4 Bxa2 37. Kxe4 Bb1+ 38. Ke3 Kc5 39. Bd7 h6 40. Be6 Bc2 41. h4 Bd1 42. g5 hxg5 43. hxg5 fxg5 44. f6 Kd6 45. f7 Ke7 46. Ke4 Bh5 47. Kxe5 Bxf7 48. Bxf7 Kxf7 49. c4 Ke7 50. Kf5 Kd6 51. Kxg5 Kc5 52. Kf4 Kxc4 1/2-1/2


[Site "https://www.chess.com"]

[Event "Titled Tuesday Blitz May 9 Early 2023"]
[White "Devaev, Alexander"]
[Black "SashaKuzhilniy"]
[WhiteFideId "4169395"]
[WhiteElo "2172"]
[BlackElo "2581"]
[Result "0-1"]
[Round "09"]
[TimeControl "180+2"]
[Date "2023.05.09"]
[WhiteClock "0:00:00"]
[BlackClock "0:01:03"]

1. Nf3 Nf6 2. c4 Nc6 3. d4 e5 4. d5 Bb4+ 5. Bd2 Bxd2+ 6. Nbxd2 e4 7. dxc6 exf3 8. cxd7+ Bxd7 9. Nxf3 Qe7 10. Qb3 O-O-O 11. e3 Bc6 12. Be2 g5 13. O-O g4 14. Ne1 h5 15. Rd1 Ne4 16. Qc2 Rxd1 17. Bxd1 f5 18. Nd3 h4 19. Nf4 g3 20. Ng6 gxh2+ 21. Kh1 Qg7 22. Nxh8 Nd2 23. Qxf5+ Kb8 24. f3 Nxf1 25. Qg6 Qxh8 26. Bc2 a6 27. Be4 Bxe4 28. Qxe4 Ng3+ 0-1


[Site "https://www.chess.com"]

[Event "Titled Tuesday Blitz May 9 Early 2023"]
[White "Hadzimanolis, Antonios"]
[Black "Danielyan, Vahe"]
[WhiteFideId "4202813"]
[BlackFideId "13304828"]
[WhiteElo "2242"]
[BlackElo "2423"]
[Result "1/2-1/2"]
[Round "09"]
[TimeControl "180+2"]
[Date "2023.05.09"]
[WhiteClock "0:01:04"]
[BlackClock "0:00:17"]

1. d4 Nf6 2. Nf3 e6 3. Bf4 b6 4. Nbd2 Bb7 5. e3 Be7 6. h3 O-O 7. Bd3 d6 8. c3 Nbd7 9. Bh2 c5 10. Qe2 Rc8 11. e4 cxd4 12. cxd4 d5 13. e5 Ne4 14. O-O f5 15. exf6 Ndxf6 16. Be5 Nxd2 17. Nxd2 Bd6 18. Rac1 Qe7 19. Rfe1 Rxc1 20. Rxc1 Rc8 21. Rxc8+ Bxc8 22. Nf3 Bd7 23. g4 Bc6 24. Qc2 Bb7 25. Bxd6 Qxd6 26. Ne5 Ne4 27. f3 Qb4 28. fxe4 Qxd4+ 29. Kf1 Qxe5 30. exd5 Bxd5 31. Qc8+ Kf7 32. Qd7+ Kf6 33. Qd8+ Kf7 34. Qd7+ Kf8 35. Qd8+ Kf7 36. Qd7+ 1/2-1/2


[Site "https://www.chess.com"]

[Event "Titled Tuesday Blitz May 9 Early 2023"]
[White "Garv Gaur"]
[Black "feuervogel1000000"]
[WhiteFideId "45030839"]
[WhiteElo "2068"]
[BlackElo "2467"]
[Result "0-1"]
[Round "09"]
[TimeControl "180+2"]
[Date "2023.05.09"]
[WhiteClock "0:00:00"]
[BlackClock "0:00:02"]

1. e4 e5 2. d4 exd4 3. Qxd4 Nc6 4. Qe3 Nf6 5. Nc3 Bb4 6. Bd2 O-O 7. O-O-O Re8 8. Bc4 Bxc3 9. Bxc3 Nxe4 10. Nf3 Nxc3 11. Qxc3 d6 12. Rhe1 Bd7 13. Qb3 Qf6 14. Bd5 a5 15. h4 a4 16. Qc3 Qxc3 17. bxc3 h6 18. Kd2 Kf8 19. Rb1 Rxe1 20. Nxe1 Ra5 21. c4 b6 22. Nd3 Ne7 23. Bf3 Be6 24. Kc3 d5 25. c5 b5 26. a3 c6 27. Nb4 Ra8 28. g3 g6 29. Re1 Kg7 30. Kd4 Nf5+ 31. Kc3 Rc8 32. Bg4 Kf6 33. Bh3 h5 34. Bg2 d4+ 35. Kd2 Ne7 36. Re4 Nd5 37. Rxd4 Nxb4 38. Rxb4 Ke5 39. Kc3 Bd5 40. f4+ Ke6 41. Bf1 f5 42. Rd4 Re8 43. Rd2 Kf6 44. Bxb5 Re3+ 45. Kb4 Rxg3 46. Bc4 Rg4 47. Bxd5 cxd5 48. c6 Rxf4+ 49. Kb5 Ke6 0-1


[Site "https://www.chess.com"]

[Event "Titled Tuesday Blitz May 9 Early 2023"]
[White "Brunner, Nicolas"]
[Black "Gurevich, Dmitry"]
[WhiteFideId "620246"]
[BlackFideId "2000407"]
[WhiteElo "2327"]
[BlackElo "2506"]
[Result "0-1"]
[Round "09"]
[TimeControl "180+2"]
[Date "2023.05.09"]
[WhiteClock "0:00:00"]
[BlackClock "0:00:42"]

1. Nf3 Nf6 2. g3 d5 3. Bg2 c6 4. O-O Bf5 5. c4 e6 6. cxd5 exd5 7. d3 Be7 8. Nc3 O-O 9. Qc2 h6 10. e4 Bh7 11. Re1 Na6 12. a3 dxe4 13. dxe4 Nc5 14. b4 Qd3 15. Qxd3 Nxd3 16. Re3 Rfd8 17. Bf1 Nxc1 18. Rxc1 Nd7 19. Bc4 Kf8 20. Bb3 a5 21. bxa5 Bxa3 22. Rd1 Be7 23. Red3 Nf6 24. Rxd8+ Bxd8 25. Ne5 Bxa5 26. Ra1 Ra6 27. Ne2 Bxe4 28. Nxf7 Bd5 29. Bxd5 Nxd5 30. Nd6 Bb4 31. Rxa6 bxa6 32. Nc4 a5 33. Nd4 c5 0-1


[Site "https://www.chess.com"]

[Event "Titled Tuesday Blitz May 9 Early 2023"]
[White "Vlassov, Nikolai"]
[Black "Abdilkhair, Abilmansur"]
[WhiteFideId "4103360"]
[BlackFideId "13716417"]
[WhiteElo "2324"]
[BlackElo "2215"]
[Result "1-0"]
[Round "09"]
[TimeControl "180+2"]
[Date "2023.05.09"]
[WhiteClock "0:00:17"]
[BlackClock "0:00:23"]

1. e4 e5 2. Bc4 Nf6 3. d3 d5 4. exd5 Nxd5 5. Nf3 Nc6 6. O-O Bg4 7. Re1 Be7 8. h3 Bh5 9. g4 Bg6 10. Nxe5 Nxe5 11. Rxe5 Nb6 12. Bb3 O-O 13. Nc3 Bd6 14. Re1 Qh4 15. Qf3 Rfe8 16. Bd2 h5 17. Rxe8+ Rxe8 18. Re1 Rxe1+ 19. Bxe1 Nd7 20. gxh5 Bxh5 21. Qxb7 Qxh3 22. Qa8+ Kh7 23. Qe4+ f5 24. Qg2 Qh4 25. Bd2 Ne5 26. Bd5 Ng4 27. Ne2 Bc5 28. d4 Bd6 29. c3 Qe7 30. Bf3 c5 31. Bf4 Bxf4 32. Nxf4 Qe1+ 33. Qf1 Qxf1+ 34. Kxf1 Nh2+ 35. Kg2 Nxf3 36. Nxh5 Ne1+ 37. Kg3 Nd3 38. dxc5 Nxc5 39. Nf4 Na4 40. Nd3 Kg6 41. c4 Kf6 42. b4 Kf7 43. c5 Ke6 44. Kf4 Nc3 45. a3 Nd5+ 46. Kg5 a6 47. Nf4+ Nxf4 48. Kxf4 Kf6 49. c6 g5+ 50. Ke3 Ke6 51. a4 Kd6 52. b5 axb5 53. axb5 Kc7 54. Kd4 f4 55. Ke4 Kb6 56. Kf5 1-0


[Site "https://www.chess.com"]

[Event "Titled Tuesday Blitz May 9 Early 2023"]
[White "Sreyas Payyappat"]
[Black "Liu, Casper"]
[WhiteFideId "46674969"]
[BlackFideId "1454153"]
[WhiteElo "2043"]
[BlackElo "2221"]
[Result "0-1"]
[Round "09"]
[TimeControl "180+2"]
[Date "2023.05.09"]
[WhiteClock "0:00:11"]
[BlackClock "0:00:25"]

1. e4 c5 2. Nf3 d6 3. d4 cxd4 4. Nxd4 Nf6 5. Nc3 Nc6 6. Bg5 Bd7 7. Qd2 Rc8 8. f4 Nxd4 9. Qxd4 Qa5 10. O-O-O Rxc3 11. Qxc3 Qxc3 12. bxc3 Nxe4 13. Kb2 Nf2 14. Bc4 Nxh1 15. Rxh1 e6 16. Bh4 d5 17. Bb3 b5 18. Re1 Bd6 19. f5 O-O 20. Bf2 a5 21. a3 Rc8 22. Rd1 Be5 23. Bd4 Bxh2 24. fxe6 fxe6 25. g3 a4 26. Ba2 Rf8 27. Be5 Rf2 28. Rd4 Be8 29. Bb1 Rf3 30. Rg4 Bg6 31. Rh4 Bxg3 32. Rh3 Bxe5 33. Rxf3 Be4 34. Rf1 g5 35. Ba2 g4 36. Kc1 g3 37. Kd2 g2 38. Re1 Bh2 0-1


[Site "https://www.chess.com"]

[Event "Titled Tuesday Blitz May 9 Early 2023"]
[White "Boldoo, Erdenepurev"]
[Black "Manukian, Artak"]
[WhiteFideId "4901037"]
[BlackFideId "13301373"]
[WhiteElo "2299"]
[BlackElo "2130"]
[Result "1-0"]
[Round "09"]
[TimeControl "180+2"]
[Date "2023.05.09"]
[WhiteClock "0:00:16"]
[BlackClock "0:00:06"]

1. Nf3 g6 2. e4 c5 3. Nc3 Bg7 4. Bc4 Nc6 5. O-O e6 6. Re1 Nge7 7. a3 O-O 8. d3 d5 9. Ba2 d4 10. Ne2 b5 11. Ng3 a5 12. h4 Ba6 13. h5 c4 14. h6 Bh8 15. e5 c3 16. bxc3 dxc3 17. Bg5 Qc7 18. Ne4 Nxe5 19. Nf6+ Bxf6 20. Bxf6 Nxf3+ 21. Qxf3 Bb7 22. Qg4 Nd5 23. Bg7 Rfd8 24. Be5 Qe7 25. Bxd5 Rxd5 26. Qf4 f5 27. Bxc3 Kf7 28. Re5 Rad8 29. Rae1 Rxe5 30. Qxe5 Bd5 31. Qg7+ Ke8 32. Bf6 Qxg7 33. hxg7 1-0


[Site "https://www.chess.com"]

[Event "Titled Tuesday Blitz May 9 Early 2023"]
[White "surrenderPLS"]
[Black "Titichoca Daza, Daniel"]
[BlackFideId "3309550"]
[WhiteElo "2524"]
[BlackElo "2101"]
[Result "1-0"]
[Round "09"]
[TimeControl "180+2"]
[Date "2023.05.09"]
[WhiteClock "0:02:26"]
[BlackClock "0:00:02"]

1. e4 c6 2. d4 d5 3. e5 c5 4. Nf3 Nc6 5. dxc5 Bg4 6. c3 Nxe5 7. Nxe5 Bd7 8. Qxd5 e6 9. Qxd7+ Qxd7 10. Nxd7 Kxd7 11. Be3 Ne7 12. Bb5+ Kc8 13. Nd2 Nf5 14. Ne4 Nxe3 15. fxe3 f5 16. Nd6+ Kc7 17. O-O-O a6 18. Ba4 Rd8 19. Nf7 Bxc5 20. Rxd8 Rxd8 21. Nxd8 Bxe3+ 22. Kc2 Kxd8 23. Rd1+ Ke7 24. Rd7+ Kf6 25. Rxb7 a5 26. Bc6 h5 27. a4 g5 28. Kd3 Bg1 29. h3 g4 30. b4 axb4 31. cxb4 e5 32. a5 e4+ 33. Bxe4 fxe4+ 34. Kxe4 1-0


[Site "https://www.chess.com"]

[Event "Titled Tuesday Blitz May 9 Early 2023"]
[White "Golubev, Mikhail"]
[Black "Zhu, Jiner"]
[WhiteFideId "14100983"]
[BlackFideId "8608059"]
[WhiteElo "2374"]
[BlackElo "2384"]
[Result "1-0"]
[Round "09"]
[TimeControl "180+2"]
[Date "2023.05.09"]
[WhiteClock "0:00:48"]
[BlackClock "0:00:13"]

1. e4 e5 2. Nf3 Nc6 3. Bc4 Bc5 4. c3 Nf6 5. d4 exd4 6. cxd4 Bb4+ 7. Nbd2 Nxe4 8. d5 Ne7 9. O-O Bxd2 10. Nxd2 Nxd2 11. Bxd2 O-O 12. d6 cxd6 13. Bb4 Nf5 14. Qd5 Qf6 15. Bd3 a5 16. Bc3 Ne7 17. Qe4 Qg6 18. Qxe7 Qxd3 19. Rad1 Qf5 20. Rfe1 b5 21. Re3 b4 22. Bxg7 Kxg7 23. Rg3+ Qg6 24. Rxg6+ hxg6 25. Rxd6 Bb7 26. h3 Bc6 27. Qf6+ Kg8 28. Rd4 1-0


[Site "https://www.chess.com"]

[Event "Titled Tuesday Blitz May 9 Early 2023"]
[White "Avalos Parra, Joao"]
[Black "Baghdasaryan, Vahe"]
[WhiteFideId "3402541"]
[BlackFideId "13303139"]
[WhiteElo "2173"]
[BlackElo "2216"]
[Result "1/2-1/2"]
[Round "09"]
[TimeControl "180+2"]
[Date "2023.05.09"]
[WhiteClock "0:00:09"]
[BlackClock "0:00:06"]

1. d4 d5 2. c4 c6 3. Nf3 Nf6 4. Nc3 e6 5. Bg5 dxc4 6. e4 b5 7. e5 h6 8. Bh4 g5 9. Nxg5 hxg5 10. Bxg5 Nbd7 11. g3 Qa5 12. exf6 b4 13. Ne4 Ba6 14. Qf3 O-O-O 15. Be2 Bb7 16. Rc1 c5 17. O-O Nb6 18. dxc5 Bxc5 19. Bxc4 Kb8 20. Qf4+ Ka8 21. Nxc5 Qxc5 22. Ba6 Qd5 23. Bxb7+ Qxb7 24. Rc7 Nd5 25. Rxb7 Nxf4 26. Rb5 Nh3+ 27. Kg2 Rh5 28. f4 Rd2+ 29. Kf3 Rxb2 30. Rc1 Rh8 31. Rc7 Ng1+ 32. Ke4 Rd8 33. f5 Re2+ 34. Be3 exf5+ 35. Rxf5 Rd3 36. Rxa7+ Kb8 37. Rb5+ Kc8 38. Rc5+ Kb8 39. Rb5+ Kc8 40. Rc5+ Kb8 41. Rb5+ 1/2-1/2


[Site "https://www.chess.com"]

[Event "Titled Tuesday Blitz May 9 Early 2023"]
[White "Bettalli, Francesco"]
[Black "Mirzoev, Azer"]
[WhiteFideId "2816453"]
[BlackFideId "13400304"]
[WhiteElo "2216"]
[BlackElo "2525"]
[Result "0-1"]
[Round "09"]
[TimeControl "180+2"]
[Date "2023.05.09"]
[WhiteClock "0:01:14"]
[BlackClock "0:00:25"]

1. d4 d5 2. Nc3 Bf5 3. f3 e6 4. h4 h6 5. g4 Bh7 6. e4 Nc6 7. e5 Nge7 8. h5 Nb4 9. Bd3 Nxd3+ 10. cxd3 Nc6 11. Be3 Qd7 12. Nge2 Nb4 13. Nc1 c5 14. a3 cxd4 15. Bxd4 Nc6 16. N1e2 Nxd4 17. Nxd4 Bc5 18. Nce2 Rc8 19. f4 O-O 20. Qd2 Qe7 21. b4 Bb6 22. Nf3 f6 23. Kf1 fxe5 24. Nxe5 Bc7 25. Kg2 Bxe5 26. fxe5 Qc7 27. Qe3 Qc2 28. Rac1 Qxd3 29. Qxd3 Bxd3 30. Ng3 Rc4 31. Rxc4 dxc4 32. Rc1 b5 33. Nh1 Be4+ 34. Kg3 Bxh1 35. Rxh1 Rd8 36. Kf4 Rd3 37. Ra1 Rd4+ 38. Kf3 a6 39. a4 Rd3+ 40. Ke4 Rb3 41. axb5 axb5 42. Ra8+ Kh7 43. Re8 Rxb4 44. Rxe6 c3+ 45. Kd3 Rc4 46. Kc2 b4 47. Rg6 b3+ 48. Kxb3 c2 49. Kxc4 c1=Q+ 50. Kd5 Qd2+ 51. Ke6 Qd4 52. Kf5 Qd5 53. Kf4 Kg8 54. Rd6 Qc4+ 55. Kf5 Qc2+ 56. Kf4 Kf7 57. Rd7+ Kf8 58. Rd6 Qc1+ 59. Ke4 Qg5 60. Rg6 Qd2 61. e6 Qe2+ 62. Kf4 Qe1 63. Kf3 Qe5 64. Kg2 Qe4+ 65. Kg3 Qd4 66. Kf3 Qe5 67. Kg2 Ke7 68. Kf3 Kd6 69. Kf2 Kd5 70. Kf3 Kd4 71. Kf2 Kd3 72. Kf3 Qe3+ 73. Kg2 Qe4+ 74. Kg3 Qe5+ 75. Kg2 Ke2 76. e7 Qxe7 77. Kg3 Ke3 78. g5 Qe5+ 79. Kg4 Qf4+ 80. Kh3 hxg5 81. h6 Qh4+ 82. Kg2 gxh6 83. Re6+ Qe4+ 84. Rxe4+ Kxe4 85. Kg3 Kf5 86. Kh3 h5 87. Kg3 Kg6 88. Kg2 Kf6 89. Kf2 Ke5 90. Kg2 Kf5 91. Kf2 g4 92. Kg2 Kg5 93. Kh2 h4 94. Kg2 Kf4 95. Kf2 g3+ 96. Kg2 Kg4 97. Kg1 h3 98. Kh1 g2+ 99. Kg1 Kf4 100. Kh2 Ke4 101. Kg1 Kd4 102. Kh2 Ke3 103. Kg1 Ke2 104. Kh2 Kf1 105. Kxh3 g1=Q 106. Kh4 0-1


[Site "https://www.chess.com"]

[Event "Titled Tuesday Blitz May 9 Early 2023"]
[White "cristianserban1"]
[Black "Hayrapetyan, Hovik"]
[BlackFideId "13302639"]
[WhiteElo "2489"]
[BlackElo "2348"]
[Result "1-0"]
[Round "09"]
[TimeControl "180+2"]
[Date "2023.05.09"]
[WhiteClock "0:00:03"]
[BlackClock "0:00:00"]

1. d4 Nf6 2. Bf4 d5 3. e3 c5 4. Nf3 Nc6 5. Nbd2 Bg4 6. c3 e6 7. h3 Bh5 8. Qa4 Nd7 9. Bb5 Qb6 10. Ne5 Ndxe5 11. Bxe5 f6 12. Bg3 a6 13. Bxc6+ Qxc6 14. Qxc6+ bxc6 15. Nb3 c4 16. Na5 Kd7 17. b3 Ba3 18. Kd2 cxb3 19. axb3 Be7 20. b4 Ra7 21. Ra2 Rha8 22. Rha1 Bd8 23. Nb3 Bb6 24. Rb1 Bg6 25. Rbb2 Kc8 26. Ra4 Be8 27. Ra1 h5 28. h4 Bd7 29. f3 Kd8 30. Bf4 Bc8 31. g4 hxg4 32. fxg4 Ke7 33. g5 Kf7 34. gxf6 gxf6 35. h5 Bd7 36. h6 Rg8 37. Kd3 e5 38. dxe5 Bf5+ 39. Kd2 Rg2+ 40. Kc1 Rg1+ 41. Kd2 Rxa1 42. Nxa1 1-0


[Site "https://www.chess.com"]

[Event "Titled Tuesday Blitz May 9 Early 2023"]
[White "Arat, Ufuk Sezen"]
[Black "djokovic74"]
[WhiteFideId "6309089"]
[WhiteElo "2289"]
[BlackElo "2664"]
[Result "1-0"]
[Round "09"]
[TimeControl "180+2"]
[Date "2023.05.09"]
[WhiteClock "0:00:15"]
[BlackClock "0:00:05"]

1. e4 e6 2. d4 d5 3. Nc3 Nf6 4. Bg5 Be7 5. e5 Nfd7 6. Bxe7 Qxe7 7. f4 a6 8. Nf3 c5 9. dxc5 Nc6 10. Bd3 Nxc5 11. Qd2 b5 12. Ne2 Bb7 13. c3 O-O 14. Ned4 Ne4 15. Qe3 b4 16. O-O bxc3 17. bxc3 Rac8 18. f5 Na5 19. f6 gxf6 20. Bxe4 fxe5 21. Bxh7+ Kxh7 22. Nxe5 Qh4 23. Rf4 Qh6 24. Raf1 f5 25. Qe1 Kg7 26. Qg3+ Kf6 27. Ng4+ Ke7 28. Nxh6 Kd6 29. Rxf5+ Kc5 30. Rxf8 Rxf8 31. Qc7+ Bc6 32. Qxa5+ Kc4 33. Qb4+ Kd3 34. Rd1+ Ke3 35. Ng4+ Kf4 36. Qxf8+ Ke4 37. Qf3# 1-0


[Site "https://www.chess.com"]

[Event "Titled Tuesday Blitz May 9 Early 2023"]
[White "Rosen, Eric"]
[Black "Fernandez Garcia, Gumersindo"]
[WhiteFideId "2032562"]
[BlackFideId "24516740"]
[WhiteElo "2331"]
[BlackElo "2093"]
[Result "0-1"]
[Round "09"]
[TimeControl "180+2"]
[Date "2023.05.09"]
[WhiteClock "0:00:00"]
[BlackClock "0:00:18"]

1. e4 c5 2. Nf3 g6 3. c3 Bg7 4. d4 cxd4 5. cxd4 d5 6. e5 Nc6 7. Bb5 Bg4 8. Bxc6+ bxc6 9. O-O Nh6 10. h3 Bxf3 11. Qxf3 O-O 12. Nc3 f6 13. Qe2 Nf5 14. Rd1 fxe5 15. dxe5 e6 16. b3 Qc7 17. Re1 Nd4 18. Qd3 Bxe5 19. Be3 Nf5 20. Bc5 Rfe8 21. Rac1 Bf4 22. Rc2 Qd7 23. g3 Bh6 24. Ne4 Bg7 25. g4 Nh4 26. Qg3 Qd8 27. Nd6 Rf8 28. Nb7 Qf6 29. Bxf8 Rxf8 30. Rf1 Nf3+ 31. Kh1 e5 32. Nc5 Rf7 33. b4 e4 34. b5 cxb5 35. Rd1 Qc6 36. Rcc1 Be5 37. Qg2 Qa8 38. Nb3 d4 39. Rc5 Bg7 40. Rdc1 Bf8 41. Rc8 Qd5 42. Rd1 d3 43. Nd2 Nxd2 44. Rxd2 Qd7 45. Rc1 Qd4 46. Rcd1 Bh6 47. g5 Bf8 48. Re1 Bb4 49. Rxe4 Qd7 50. Rd1 a5 51. Qg4 Qxg4 52. hxg4 Rxf2 53. Rxd3 Rd2 54. Rxd2 Bxd2 55. Re8+ Kg7 56. Rb8 b4 57. Rb5 a4 58. Kg2 a3 59. Kf3 Bc3 60. Ke2 h6 61. gxh6+ Kxh6 62. Kf3 Kg7 63. Ke3 Kf6 64. Kf4 Bd2+ 65. Ke4 Bc3 66. Kf3 Bd2 67. Kg3 Bc3 68. Kf4 Bd2+ 69. Ke4 Bc3 70. Kd3 Be1 71. Kc2 Bc3 72. Kb3 Kg7 73. g5 Kf7 74. Kc4 Ke6 75. Kd3 Be1 76. Ke4 Bd2 77. Rb6+ Kf7 78. Kd3 Bxg5 79. Rxb4 Bc1 80. Rb6 Bb2 81. Ke4 Kg7 82. Kf4 Kh6 83. Kg4 Kg7 84. Rc6 Kf7 85. Kg5 Ke7 86. Kxg6 Kd7 87. Rc2 Kd6 88. Kf5 Kd5 89. Kf4 Kd4 0-1


[Site "https://www.chess.com"]

[Event "Titled Tuesday Blitz May 9 Early 2023"]
[White "Srihari L R"]
[Black "Avazkhonov, Alikhon"]
[WhiteFideId "46617116"]
[BlackFideId "14208504"]
[WhiteElo "2334"]
[BlackElo "1739"]
[Result "1-0"]
[Round "09"]
[TimeControl "180+2"]
[Date "2023.05.09"]
[WhiteClock "0:02:02"]
[BlackClock "0:00:00"]

1. c4 e5 2. Nc3 d6 3. Nf3 f5 4. d4 e4 5. Ng5 Be7 6. h4 Nf6 7. Nh3 O-O 8. Nf4 c6 9. g3 d5 10. cxd5 cxd5 11. Bg2 Nc6 12. Be3 Ng4 13. Ncxd5 Nxe3 14. Nxe7+ Qxe7 15. fxe3 Rd8 16. Qb3+ Kh8 17. h5 Qb4+ 18. Qxb4 Nxb4 19. Kd2 b6 20. Rhc1 Ba6 21. a3 Nd5 22. Nxd5 Rxd5 23. Rc7 Rdd8 24. Rac1 Bb5 25. g4 fxg4 26. Bxe4 Rab8 27. Rxa7 Re8 28. Bf5 g3 29. Rg1 g6 30. hxg6 hxg6 31. Bxg6 Re6 32. Rxg3 1-0


[Site "https://www.chess.com"]

[Event "Titled Tuesday Blitz May 9 Early 2023"]
[White "Berezin, Viktor"]
[Black "Garakov, Mikhael"]
[WhiteFideId "14107872"]
[BlackFideId "4169034"]
[WhiteElo "2310"]
[BlackElo "2347"]
[Result "1-0"]
[Round "09"]
[TimeControl "180+2"]
[Date "2023.05.09"]
[WhiteClock "0:00:04"]
[BlackClock "0:00:03"]

1. Nf3 c5 2. c4 Nf6 3. g3 b6 4. Bg2 Bb7 5. O-O e6 6. Nc3 Be7 7. d3 O-O 8. Rb1 Nc6 9. a3 a5 10. Ne5 Qc7 11. Bf4 d6 12. Nb5 Qc8 13. Nf3 Qd7 14. Bd2 d5 15. b3 h6 16. Bf4 Rac8 17. Ne5 Nxe5 18. Bxe5 Bc6 19. Nc3 Qb7 20. Qc2 Nd7 21. Bf4 d4 22. Bxc6 Qxc6 23. Nb5 Qb7 24. Nd6 Bxd6 25. Bxd6 Rfe8 26. b4 Qc6 27. bxc5 bxc5 28. Bf4 e5 29. Bd2 Ra8 30. f3 f5 31. Rb5 Nf6 32. Rfb1 e4 33. Rb6 Qc8 34. Qa4 exf3 35. exf3 Re2 36. Bf4 Nh5 37. Rb8 Re1+ 38. Kf2 Rxb1 39. Rxc8+ Rxc8 40. Qd7 Rf8 41. Qd5+ Kh8 42. Bd6 Re8 43. f4 Rb2+ 44. Kf1 Rb1+ 45. Kg2 Rb2+ 46. Kh3 Ree2 47. Qa8+ Kh7 48. Qh1 Rxh2+ 49. Qxh2 Rxh2+ 50. Kxh2 Nf6 51. Bxc5 Ng4+ 52. Kg2 Ne3+ 53. Kf3 Nc2 54. a4 g5 55. Bb6 Kg6 56. Bxa5 g4+ 57. Ke2 h5 58. Bb6 h4 59. gxh4 g3 60. Kf3 Nb4 61. a5 Nxd3 62. Bxd4 Nb4 63. Kxg3 Nc6 64. Bc3 Kh5 65. a6 Ne7 66. a7 1-0


[Site "https://www.chess.com"]